 Dungeon Crawl Stone Soup version 0.29.0-4-gdea44cf6ec (webtiles) character file.

Game seed: 355499829226277438

212 qw the Chopper (level 5, 0/32 HPs)
             Began as a Gargoyle Fighter on Sept 9, 2022.
             Killed from afar by Terence (9 damage)
             ... with a puff of flame
             ... on level 2 of the Dungeon.
             The game lasted 00:00:43 (1691 turns).

qw the Chopper (Gargoyle Fighter)                   Turns: 1691, Time: 00:00:43

Health: 0/32       AC: 11    Str: 21    XL:     5   Next: 89%
Magic:  5/5        EV: 10    Int:  9    God:
Gold:   120        SH:  4    Dex:  9    Spells: 4/4 levels left

rFire   . . .      SeeInvis .   Y - +0 war axe
rCold   + . .      Faith    .   c - +0 buckler
rNeg    + . .      Spirit   .   l - +1 ring mail {rC+}
rPois   inf        Reflect  .   (no helmet)
rElec   +          Harm     .   (no cloak)
rCorr   .          Rampage  .   (no gloves)
Will    .....                   o - +0 pair of boots
Stlth   ..........              (no amulet)
HPRegen 0.10/turn               (no ring)
MPRegen 0.09/turn               (no ring)

@: no status effects
A: sickness immunity, AC +4, negative energy resistance 1, electricity
resistance, torment resistance 1, petrification resistance
a: no special abilities


You were on level 2 of the Dungeon.
You visited 1 branch of the dungeon, and saw 2 of its levels.

You collected 120 gold pieces.


Innate Abilities, Weirdness & Mutations

You are immune to sickness and miasma.
Your stone body is resilient. (AC +4)
You are immune to poison.
You resist negative energy. (rN+)
You are resistant to electric shocks. (rElec)
You are resistant to unholy torment.
You are immune to petrification.


   Skills:
 - Level 3.2 Fighting
 - Level 5.3 Axes
 - Level 3.2 Armour
 + Level 0.2 Dodging
 - Level 3.2 Shields


You had 4 spell levels left.
You didn't know any spells.
Your spell library was empty.

Inventory:

Hand Weapons
 i - a +0 whip
 Y - a +0 war axe (weapon)
Armour
 b - a +0 scale mail
 c - a +0 buckler (worn)
 l - a +1 ring mail of cold resistance (worn)
 o - a +0 pair of boots (worn)
Scrolls
 f - a scroll of enchant armour {unknown}
 g - 2 scrolls of identify
 h - a scroll of fog
Potions
 a - a potion of berserk rage {unknown}
 d - a potion of might
 e - a potion of cancellation {unknown}
 j - a potion of ambrosia {unknown}
 k - 2 potions of curing {unknown}
 m - a potion of attraction {unknown}

Dungeon Overview and Level Annotations

Branches:
Dungeon (2/15)

Altars:
Uskayaw

Annotations:
D:2 1 runed translucent door, Crazy Yiuf, Terence


Message History

You see here 8 gold pieces.
Found a kite shield.
Terence screams, "I'm going to kill you!"
A ball python comes into view.
The ball python hisses angrily.
Terence hits you but does no damage.
You barely miss Terence. You hit the hobgoblin.
You kill the hobgoblin!
Terence zaps a wand.
The puff of flame hits you!
You barely miss Terence. You hit the kobold but do no damage.
You block Terence's attack. The kobold hits you but does no damage.
Terence hits you but does no damage. The kobold hits you but does no damage.
You slash Terence!
Terence is heavily wounded.
You barely miss the kobold.
Terence zaps a wand.
The puff of flame hits you. The kobold hits you with a +0 whip.
You hit Terence but do no damage.
Terence is heavily wounded.
You closely miss the kobold. You slash the ball python!
You kill the ball python!
Terence hits you with a +0 short sword. The kobold hits you with a +0 whip.
You hit Terence but do no damage.
Terence is heavily wounded.
You closely miss the kobold.
Terence zaps a wand.
The puff of flame misses you. You block the kobold's attack.
You hit Terence but do no damage.
Terence is heavily wounded.
You hit the kobold.
You kill the kobold!
Terence zaps a wand.
The puff of flame hits you. Terence hits you but does no damage.
You hit Terence but do no damage.
Terence is heavily wounded.
You block Terence's attack.
You barely miss Terence.
Terence is heavily wounded.
Terence zaps a wand.
The puff of flame hits you!
You die...

... .....# .....# .
#.....#
..#########.....#
#..............#
##....@.........#
......)@.....#
......%..$...######
.[.......=.........
....[........#####
.............# }
..##########.# .. .
#########.# # 8#
#.........# .# ##
#.........##.#


You could see Terence.

Vanquished Creatures
  Sigmund (D:2)
  An adder (D:2)
  2 dart slugs
  8 ball pythons
  5 bats
  An endoplasm (D:1)
  A goblin (D:1)
  4 hobgoblins
  4 jackals (D:1)
  2 kobolds
  2 quokkas
  4 frilled lizards
  5 rats
40 creatures vanquished.

Notes
Turn   | Place    | Note
-------+----------+-------------------------------------------
     0 | D:1      | qw the Gargoyle Fighter began the quest for the Orb.
     0 | D:1      | Reached XP level 1. HP: 14/14 MP: 1/1
     0 | D:1      | 0 ||| qw: Version: 0.1-a-113-g051387a
     0 | D:1      | 0 ||| qw: Game counter: 6920
     0 | D:1      | 0 ||| qw: Always use a shield: true
     0 | D:1      | 0 ||| qw: God list: Okawaru
     0 | D:1      | 0 ||| qw: Allow faded altars: false
     0 | D:1      | 0 ||| qw: Do Orc after D:15 true
     0 | D:1      | 0 ||| qw: Do second Lair branch before Depths: true
     0 | D:1      | 0 ||| qw: Lair rune preference: random
     0 | D:1      | 0 ||| qw: Plans: Normal, Zot, God:TSO, Crypt, Tomb, Zig,
                  | Orb
     0 | D:1      | 0 ||| PLANNING D:1-11
   150 | D:1      | 150 ||| Stepping ~*~*~tactically~*~*~ (hiding).
   159 | D:1      | Reached skill level 2 in Axes
   243 | D:1      | Reached XP level 2. HP: 17/19 MP: 2/2
   311 | D:1      | 311 ||| Stepping ~*~*~tactically~*~*~ (stealth).
   315 | D:1      | 315 ||| Stepping ~*~*~tactically~*~*~ (stealth).
   348 | D:1      | 348 ||| Stepping ~*~*~tactically~*~*~ (stealth).
   350 | D:1      | 350 ||| Stepping ~*~*~tactically~*~*~ (stealth).
   365 | D:1      | 365 ||| Stepping ~*~*~tactically~*~*~ (stealth).
   557 | D:1      | 557 ||| DROPPING +0 club.
   559 | D:1      | 559 ||| Stepping ~*~*~tactically~*~*~ (stealth).
   582 | D:1      | 582 ||| Stepping ~*~*~tactically~*~*~ (stealth).
   587 | D:1      | 587 ||| Stepping ~*~*~tactically~*~*~ (stealth).
   631 | D:1      | Reached skill level 3 in Axes
   666 | D:1      | Reached XP level 3. HP: 23/23 MP: 3/3
  1260 | D:1      | 1260 ||| UPGRADING to +1 ring mail of cold resistance.
  1270 | D:1      | 1270 ||| UPGRADING to +0 pair of boots.
  1275 | D:1      | 1275 ||| READING scroll labelled MOENUMEIDA.
  1276 | D:1      | 1276 ||| READING scroll labelled ATEONE BAVUITZ.
  1281 | D:1      | 1281 ||| READING 2 scrolls labelled RIFOPUH TUDO.
  1282 | D:1      | 1282 ||| READING 2 scrolls labelled MEAV FYWKUA.
  1283 | D:1      | 1283 ||| READING scroll labelled SUYSTR ORESIN.
  1316 | D:2      | 1316 ||| Stepping ~*~*~tactically~*~*~ (hiding).
  1455 | D:2      | Found a hide-covered altar of Uskayaw.
  1565 | D:2      | Found a runed translucent door.
  1566 | D:2      | Noticed Crazy Yiuf
  1595 | D:2      | Noticed Sigmund
  1603 | D:2      | Killed Sigmund
  1604 | D:2      | Reached skill level 5 in Axes
  1604 | D:2      | Reached XP level 4. HP: 26/28 MP: 4/4
  1604 | D:2      | Reached XP level 5. HP: 30/32 MP: 5/5
  1680 | D:2      | Noticed Terence
  1691 | D:2      | Killed from afar by Terence

Levels and vault maps discovered:
D:1:      dpeg_arrival_stone_temple_mockup, layout_basic
D:2:      layout_basic, basic_altar, shapermc_ecumenical_altar_venn,
          uniq_sigmund, uniq_terence, uniq_crazy_yiuf_cottage

Skill      XL: |  1  2  3 |
---------------+----------+-----
Axes           | 2 3 5 |  5.3
Fighting       | |  3.2
Armour         | |  3.2
Dodging        | |  0.2
Shields        | |  3.2

Action                   |  1- 3 |  4- 6 || total
-------------------------+-------+-------++-------
Melee: War axe           |   104 |    15 ||   119
  Use: Scroll            |     5 |       ||     5
Armor: Scale mail        |    39 |       ||    39
       Ring mail         |    12 |     8 ||    20
Dodge: Dodged            |    50 |     6 ||    56
Block: Buckler           |    22 |     5 ||    27

Table legend:
 A = Non-vault XP
 B = Vault XP
 C = Vault XP percentage of total XP
 D = Non-vault monster count
 E = Vault monster count
 F = Vault count percentage of total count
                 A         B        C        D         E       F
            +---------+---------+-------+---------+---------+-------
      Total |      77 |     226 |  74.6 |      39 |       1 |   2.5
            +---------+---------+-------+---------+---------+-------
        D:1 |      44 |       0 |   0.0 |      26 |       0 |   0.0
        D:2 |      33 |     226 |  87.3 |      13 |       1 |   7.1
            +---------+---------+-------+---------+---------+-------
